[ AOE2 MATCH · #507377742 ]
UnrankedVietnamese vs Burgundians
Player's team · WIN
[ REPLAY ANALYSIS · EXTRACTED FROM THE RECORDED GAME ]
Feudal
9:19
Castle
25:11
Imperial
—
| APM avg | 76.2 |
| APM peak | 107 |
| eAPM avg | 26.0 |
| Villagers / military | 55 / 56 |
Focus
⚔️ 42.2% · 🌾 57.8%
Archer ×17 · Rattan Archer ×17 · Knight ×9 · Skirmisher ×5 · Mangonel ×4 · Scout Cavalry ×4
Feudal
11:07
Castle
30:24
Imperial
—
| APM avg | 56.0 |
| APM peak | 95 |
| eAPM avg | 20.2 |
| Villagers / military | 58 / 59 |
Focus
⚔️ 36.9% · 🌾 63.1%
Skirmisher ×40 · Spearman ×11 · Archer ×7 · Battering Ram ×1
Match map
Initial resources + every placement click. Lines = walls · curves = elevation contours. ◆ gold · ⬟ stone · ● berries · ✦ relic · ◌ wall gap
Your base· Open — unwalled flank
Bachicha val's base· Open — unwalled flank
Smoothed initial terrain · ◌ = detected wall gap · hover for details
Inputs per minute
— NHN Forever - - Bachicha val
Build order — NHN Forever
First 150 of 162 actions detected
| 0:01 | Queue | Villager (Male) |
| 0:01 | Queue | Villager (Male) |
| 0:01 | Queue | Villager (Male) |
| 0:03 | Build | House |
| 0:04 | Build | House |
| 0:11 | Queue | Villager (Male) |
| 1:23 | Queue | Villager (Male) |
| 1:58 | Queue | Villager (Male) |
| 2:14 | Queue | Villager (Male) |
| 2:47 | Queue | Villager (Male) |
| 3:05 | Queue | Villager (Male) |
| 3:17 | Build | Lumber Camp |
| 3:32 | Queue | Villager (Male) |
| 3:51 | Build | House |
| 4:06 | Queue | Villager (Male) |
| 4:06 | Queue | Villager (Male) |
| 4:41 | Build | Mill |
| 4:49 | Queue | Villager (Male) |
| 4:49 | Queue | Villager (Male) |
| 4:49 | Queue | Villager (Male) |
| 5:19 | Queue | Villager (Male) |
| 5:44 | Queue | Villager (Male) |
| 5:44 | Queue | Villager (Male) |
| 6:23 | Queue | Villager (Male) |
| 6:44 | Research | Loom |
| 7:09 | Research | Feudal Age |
| 7:32 | Build | Mining Camp |
| 7:51 | Build | House |
| 7:53 | Queue | Villager (Male) |
| 8:50 | Build | Barracks |
| 9:19 | Age | Feudal Age |
| 9:28 | Build | Archery Range |
| 10:08 | Queue | Archer |
| 10:08 | Queue | Archer |
| 10:21 | Build | Blacksmith |
| 10:44 | Build | Watch Tower |
| 10:55 | Research | Fletching |
| 10:57 | Research | Padded Archer Armor |
| 10:58 | Queue | Archer |
| 11:45 | Queue | Archer |
| 11:51 | Build | Watch Tower |
| 11:59 | Research | Double-Bit Axe |
| 12:00 | Queue | Villager (Male) |
| 12:09 | Queue | Archer |
| 12:09 | Queue | Archer |
| 12:24 | Queue | Archer |
| 12:24 | Queue | Archer |
| 12:33 | Build | House |
| 12:56 | Build | House |
| 13:04 | Queue | Villager (Male) |
| 13:08 | Queue | Archer |
| 13:14 | Queue | Skirmisher |
| 13:44 | Queue | Skirmisher |
| 13:44 | Queue | Skirmisher |
| 13:47 | Queue | Villager (Male) |
| 13:47 | Queue | Villager (Male) |
| 13:49 | Build | Farm |
| 13:50 | Build | Farm |
| 13:58 | Queue | Skirmisher |
| 14:10 | Queue | Skirmisher |
| 14:56 | Queue | Archer |
| 14:57 | Queue | Villager (Male) |
| 14:58 | Queue | Villager (Male) |
| 14:59 | Build | Farm |
| 15:00 | Build | Farm |
| 15:59 | Queue | Villager (Male) |
| 16:03 | Build | Mining Camp |
| 16:05 | Build | House |
| 16:06 | Build | House |
| 16:22 | Research | Wheelbarrow |
| 16:28 | Queue | Archer |
| 16:28 | Queue | Archer |
| 16:38 | Queue | Villager (Male) |
| 16:39 | Queue | Villager (Male) |
| 16:59 | Queue | Archer |
| 19:08 | Build | Watch Tower |
| 19:43 | Queue | Villager (Male) |
| 19:45 | Build | Farm |
| 19:46 | Queue | Villager (Male) |
| 19:48 | Queue | Archer |
| 20:12 | Queue | Villager (Male) |
| 20:15 | Build | Farm |
| 20:16 | Queue | Archer |
| 20:52 | Queue | Archer |
| 20:57 | Queue | Villager (Male) |
| 21:00 | Build | Farm |
| 21:01 | Queue | Archer |
| 22:17 | Build | Farm |
| 22:31 | Research | Castle Age |
| 22:32 | Research | Castle Age |
| 22:33 | Build | Farm |
| 23:24 | Build | Stable |
| 23:54 | Queue | Scout Cavalry |
| 23:55 | Queue | Scout Cavalry |
| 24:18 | Research | Horse Collar |
| 24:19 | Queue | Villager (Male) |
| 24:45 | Queue | Scout Cavalry |
| 24:46 | Queue | Scout Cavalry |
| 25:11 | Age | Castle Age |
| 25:22 | Queue | Knight |
| 25:22 | Queue | Knight |
| 25:22 | Queue | Knight |
| 25:52 | Build | Siege Workshop |
| 25:53 | Queue | Villager (Male) |
| 25:53 | Queue | Villager (Male) |
| 27:04 | Build | Castle |
| 27:15 | Research | Scale Barding Armor |
| 27:15 | Queue | Villager (Male) |
| 27:16 | Queue | Villager (Male) |
| 27:16 | Queue | Villager (Male) |
| 27:20 | Build | Lumber Camp |
| 27:37 | Queue | Villager (Male) |
| 27:37 | Queue | Villager (Male) |
| 27:56 | Queue | Knight |
| 27:56 | Queue | Knight |
| 28:07 | Build | Farm |
| 28:34 | Queue | Villager (Male) |
| 28:35 | Queue | Villager (Male) |
| 28:38 | Research | Gold Mining |
| 28:56 | Build | Mining Camp |
| 28:57 | Queue | Rattan Archer |
| 29:08 | Queue | Villager (Male) |
| 29:10 | Queue | Villager (Male) |
| 29:22 | Queue | Rattan Archer |
| 29:23 | Queue | Rattan Archer |
| 30:00 | Queue | Rattan Archer |
| 30:01 | Queue | Rattan Archer |
| 30:01 | Queue | Rattan Archer |
| 30:05 | Queue | Villager (Male) |
| 30:13 | Queue | Rattan Archer |
| 30:14 | Queue | Rattan Archer |
| 30:24 | Queue | Knight |
| 30:25 | Queue | Knight |
| 30:41 | Queue | Villager (Male) |
| 30:41 | Queue | Villager (Male) |
| 30:55 | Queue | Villager (Male) |
| 31:02 | Queue | Rattan Archer |
| 31:07 | Queue | Mangonel |
| 31:07 | Queue | Mangonel |
| 31:38 | Queue | Rattan Archer |
| 31:38 | Queue | Rattan Archer |
| 32:07 | Queue | Rattan Archer |
| 32:07 | Queue | Rattan Archer |
| 32:10 | Research | Town Watch |
| 32:11 | Research | Bow Saw |
| 32:12 | Research | Bow Saw |
| 32:13 | Queue | Villager (Male) |
| 33:00 | Queue | Mangonel |
| 33:00 | Queue | Mangonel |
| 33:12 | Queue | Villager (Male) |
Build order — Bachicha val
First 150 of 218 actions detected
| 0:02 | Build | House |
| 0:05 | Build | House |
| 0:12 | Queue | Villager (Male) |
| 0:13 | Queue | Villager (Male) |
| 0:13 | Queue | Villager (Male) |
| 0:13 | Queue | Villager (Male) |
| 0:13 | Queue | Villager (Male) |
| 1:45 | Queue | Villager (Male) |
| 2:11 | Queue | Villager (Male) |
| 2:40 | Queue | Villager (Male) |
| 3:12 | Queue | Villager (Male) |
| 3:34 | Queue | Villager (Male) |
| 3:43 | Build | Lumber Camp |
| 3:50 | Build | House |
| 4:09 | Queue | Villager (Male) |
| 4:22 | Build | Palisade Wall |
| 4:23 | Build | Palisade Wall |
| 4:24 | Build | Palisade Wall |
| 4:33 | Queue | Villager (Male) |
| 4:52 | Queue | Villager (Male) |
| 4:58 | Research | Double-Bit Axe |
| 5:17 | Build | Palisade Wall |
| 5:23 | Queue | Villager (Male) |
| 5:34 | Queue | Villager (Male) |
| 5:41 | Build | House |
| 6:14 | Queue | Villager (Male) |
| 6:26 | Build | Mill |
| 6:31 | Research | Loom |
| 6:34 | Build | Palisade Wall |
| 6:47 | Build | Palisade Wall |
| 6:55 | Queue | Villager (Male) |
| 7:05 | Queue | Villager (Male) |
| 7:16 | Build | Palisade Wall |
| 7:34 | Queue | Villager (Male) |
| 7:50 | Build | Mill |
| 7:54 | Build | Palisade Wall |
| 7:55 | Build | Palisade Wall |
| 8:00 | Build | Palisade Wall |
| 8:16 | Build | House |
| 8:17 | Build | Palisade Wall |
| 8:18 | Build | Palisade Wall |
| 8:24 | Queue | Villager (Male) |
| 8:57 | Research | Feudal Age |
| 8:57 | Research | Feudal Age |
| 9:17 | Build | Palisade Wall |
| 9:59 | Queue | Villager (Male) |
| 10:23 | Build | Barracks |
| 11:07 | Age | Feudal Age |
| 11:12 | Build | Archery Range |
| 11:20 | Queue | Villager (Male) |
| 11:35 | Queue | Villager (Male) |
| 11:45 | Queue | Villager (Male) |
| 11:58 | Queue | Villager (Male) |
| 12:06 | Build | Watch Tower |
| 12:06 | Queue | Skirmisher |
| 12:07 | Queue | Skirmisher |
| 12:24 | Queue | Villager (Male) |
| 12:27 | Build | Blacksmith |
| 12:34 | Build | House |
| 12:48 | Queue | Skirmisher |
| 12:48 | Queue | Villager (Male) |
| 12:55 | Build | House |
| 13:14 | Queue | Skirmisher |
| 13:20 | Research | Fletching |
| 13:29 | Build | House |
| 13:33 | Queue | Skirmisher |
| 13:44 | Build | Farm |
| 14:06 | Queue | Villager (Male) |
| 14:17 | Build | Archery Range |
| 14:23 | Research | Padded Archer Armor |
| 14:24 | Queue | Skirmisher |
| 14:33 | Build | Farm |
| 14:35 | Build | Farm |
| 14:36 | Build | Farm |
| 14:43 | Queue | Skirmisher |
| 14:57 | Build | Farm |
| 15:00 | Build | Farm |
| 15:11 | Build | House |
| 15:44 | Queue | Skirmisher |
| 15:44 | Queue | Skirmisher |
| 15:45 | Queue | Skirmisher |
| 15:50 | Build | Farm |
| 15:52 | Build | Farm |
| 15:53 | Build | Farm |
| 16:00 | Queue | Skirmisher |
| 16:06 | Build | Farm |
| 16:18 | Queue | Skirmisher |
| 16:28 | Build | Farm |
| 16:29 | Build | Farm |
| 16:39 | Build | Farm |
| 16:42 | Queue | Villager (Male) |
| 16:52 | Queue | Skirmisher |
| 16:52 | Queue | Skirmisher |
| 17:08 | Build | House |
| 17:11 | Queue | Skirmisher |
| 17:40 | Queue | Skirmisher |
| 17:44 | Queue | Villager (Male) |
| 17:45 | Queue | Villager (Male) |
| 18:01 | Queue | Skirmisher |
| 18:01 | Queue | Skirmisher |
| 18:09 | Build | House |
| 18:12 | Queue | Skirmisher |
| 18:12 | Queue | Skirmisher |
| 18:30 | Queue | Villager (Male) |
| 18:32 | Queue | Skirmisher |
| 18:46 | Build | House |
| 18:56 | Queue | Skirmisher |
| 18:56 | Queue | Skirmisher |
| 18:58 | Queue | Villager (Male) |
| 19:16 | Queue | Villager (Male) |
| 19:22 | Build | Mining Camp |
| 19:40 | Build | Mining Camp |
| 19:41 | Queue | Skirmisher |
| 19:54 | Queue | Skirmisher |
| 19:54 | Queue | Villager (Male) |
| 20:00 | Build | Farm |
| 20:02 | Build | Farm |
| 20:03 | Build | House |
| 20:08 | Build | Farm |
| 20:10 | Build | Farm |
| 20:11 | Queue | Skirmisher |
| 20:20 | Queue | Skirmisher |
| 20:21 | Queue | Skirmisher |
| 20:40 | Queue | Skirmisher |
| 20:40 | Queue | Skirmisher |
| 20:51 | Queue | Villager (Male) |
| 21:13 | Queue | Skirmisher |
| 21:13 | Queue | Skirmisher |
| 21:36 | Queue | Villager (Male) |
| 21:37 | Queue | Villager (Male) |
| 21:44 | Queue | Skirmisher |
| 21:51 | Build | Watch Tower |
| 22:10 | Build | Market |
| 22:14 | Queue | Villager (Male) |
| 22:28 | Research | Town Watch |
| 22:33 | Build | House |
| 22:50 | Queue | Skirmisher |
| 22:50 | Queue | Skirmisher |
| 22:50 | Queue | Skirmisher |
| 23:10 | Queue | Villager (Male) |
| 23:11 | Queue | Villager (Male) |
| 23:31 | Queue | Skirmisher |
| 23:32 | Queue | Skirmisher |
| 23:35 | Queue | Villager (Male) |
| 23:42 | Build | House |
| 24:05 | Queue | Skirmisher |
| 24:05 | Queue | Skirmisher |
| 24:19 | Queue | Villager (Male) |
| 24:31 | Queue | Archer |
| 24:31 | Queue | Archer |
Match timeline
| 4:22 | Bachicha val · wall_segment Palisade Wall x1 |
| 4:23 | Bachicha val · wall_segment Palisade Wall x1 |
| 4:24 | Bachicha val · wall_segment Palisade Wall x1 |
| 5:17 | Bachicha val · wall_segment Palisade Wall x7 |
| 6:34 | Bachicha val · wall_segment Palisade Wall x1 |
| 6:47 | Bachicha val · wall_segment Palisade Wall x1 |
| 7:16 | Bachicha val · wall_segment Palisade Wall x1 |
| 7:54 | Bachicha val · wall_segment Palisade Wall x1 |
| 7:55 | Bachicha val · wall_segment Palisade Wall x1 |
| 8:00 | Bachicha val · wall_segment Palisade Wall x1 |
| 8:17 | Bachicha val · wall_segment Palisade Wall x1 |
| 8:18 | Bachicha val · wall_segment Palisade Wall x1 |
| 8:50 | NHN Forever · first_building Barracks |
| 9:17 | Bachicha val · wall_segment Palisade Wall x5 |
| 9:19 | NHN Forever · age_up feudal |
| 9:28 | NHN Forever · first_building Archery Range |
| 10:23 | Bachicha val · first_building Barracks |
| 11:07 | Bachicha val · age_up feudal |
| 11:12 | Bachicha val · first_building Archery Range |
| 23:24 | NHN Forever · first_building Stable |
| 25:11 | NHN Forever · age_up castle |
| 25:25 | Bachicha val · first_building Stable |
| 25:52 | NHN Forever · first_building Siege Workshop |
| 26:55 | Bachicha val · wall_segment Palisade Wall x1 |
| 27:00 | Bachicha val · first_market_buy 100 food |
| 27:04 | Bachicha val · first_market_sell 100 wood |
| 27:04 | NHN Forever · first_building Castle |
| 28:12 | Bachicha val · wall_segment Palisade Wall x1 |
| 28:12 | Bachicha val · wall_segment Palisade Wall x1 |
| 30:24 | Bachicha val · age_up castle |
| 32:23 | Bachicha val · first_building Siege Workshop |
| 35:05 | Bachicha val · resign |
[ AI ANALYSIS · 1 CREDIT ]
What really happened in this match?
Wolo.gg analyzes every decision: build order, eco, micro, common mistakes by bracket. Personalized analysis on WhatsApp or Discord in 30 seconds.
Civ guide
Vietnamese
Perfil
Jugador #15779222